 Dungeon Crawl Stone Soup version 0.20.1-1-g8b1a95d (webtiles) character file.

65 stormannn the Caller (level 3, -2/24 HPs)
             Began as a Vampire Summoner on Dec 10, 2017.
             Shot with an arrow by a centaur (3 damage)
             ... on level 5 of the Dungeon.
             The game lasted 00:09:41 (1611 turns).

stormannn the Caller (Vampire Summoner)             Turns: 1611, Time: 00:09:42

Health: -2/24      AC:  5    Str:  7    XL:     3   Next: 94%
Magic:  0/16       EV: 12    Int: 18    God:
Gold:   81         SH:  0    Dex: 14    Spells: 6/7 levels left

rFire    . . .     SeeInvis +   a - -2 dagger (curse)
rCold    . . .     Gourm    .   (no shield)
rNeg     + . .     Faith    .   k - +2 robe {MR+}
rPois    .         Spirit   +   (no helmet)
rElec    .         Reflect  .   (no cloak)
rCorr    .         Harm     .   o - +0 pair of gloves (curse)
MR       +....                  (no boots)
Stlth    +++.......             g - amulet of guardian spirit
Regen    0.1/turn               l - ring of magical power
MPRegen  0.2/turn               (no ring)

@: no status effects
A: fangs 3, see invisible, unbreathing
a: Bat Form


You were on level 5 of the Dungeon.
You were not thirsty.

You visited 1 branch of the dungeon, and saw 5 of its levels.

You collected 81 gold pieces.

Inventory:

Hand Weapons
 a - a cursed -2 dagger (weapon)
 f - a cursed -1 dagger
 j - a +0 whip
Armour
 k - a +2 robe of magic resistance (worn)
 o - a cursed +0 pair of gloves (worn)
 r - a +1 robe of magic resistance
Jewellery
 g - an amulet of guardian spirit (around neck)
 l - a ring of magical power (left hand)
Scrolls
 d - 2 scrolls of identify
 m - a scroll of amnesia
 n - a scroll of immolation {unknown}
 p - a scroll of fear
 q - a scroll of teleportation
Potions
 c - 9 potions of blood
 h - a potion of invisibility
 i - a potion of agility {unknown}
 s - a potion of might {unknown}
Books
 b - a book of Callings

   Spells                             Type                      Level
   a - Summon Small Mammal            Summoning                    1
   b - Call Imp                       Summoning                    2
   c - Call Canine Familiar           Summoning                    3
   d - Summon Guardian Golem          Hexes/Summoning              3
   e - Summon Lightning Spire         Summoning/Air                4
   f - Summon Ice Beast               Ice/Summoning                4


   Skills:
 - Level 2.1 Dodging
 + Level 4.1 Stealth
 + Level 2.9 Spellcasting
 * Level 4.6 Summonings


You had 6 spell levels left.
You knew the following spells:

 Your Spells              Type           Power        Failure   Level  Hunger
a - Summon Small Mammal   Summ           ###.         2%          1    None


Dungeon Overview and Level Annotations

Branches:
Dungeon (5/15)             Temple (0/1) D:5

Altars:
Dithmenos
Kikubaaqudgha

Annotations:
D:3 MudFish's ghost, amateur DrAs; Sigmund


Innate Abilities, Weirdness & Mutations

You have razor-sharp teeth.
You have supernaturally acute eyesight. (SInv)
You can survive without breathing.


Message History

* * * LOW HITPOINT WARNING * * *
You see here an arrow.
The centaur shoots an arrow.
The arrow closely misses you.
The arrow hits the worker ant!
Found an ancient bone altar of Kikubaaqudgha.
The centaur unwields an uncursed shortbow.
The centaur hits you.
* * * LOW HITPOINT WARNING * * *
You feel much better. The worker ant misses you. The centaur hits you.
The worker ant barely misses you. The centaur hits you!
The centaur closely misses you.
The centaur wields an uncursed shortbow.
The centaur shoots an arrow.
The arrow closely misses you.
The centaur shoots an arrow.
The arrow hits you!
* * * LOW HITPOINT WARNING * * *
Found a staircase to the Ecumenical Temple.
You see here an arrow.
The centaur shoots an arrow.
The arrow hits you.
You die...

#..... ..._.. ##
..... ... ....
+#.## #..# ..≈≈≈
#..# ..≈≈§§
##..#######.≈§§≈§
#...aSc.(...≈§§>§
#...#####@##≈§≈≈
#..(.# #.# §
#..#.# #.# #..#.#
#.# #..#.####.#
#..#<.....#
#..#.######
...... .....##


You could see a centaur, a worker ant and an adder.

Vanquished Creatures
  A bat (D:1)
  A rat (D:2)
2 creatures vanquished.

Vanquished Creatures (collateral kills)
  A howler monkey (D:4)
  2 adders (D:2)
  An ooze (D:2)
  2 worms (D:2)
  A dart slug (D:1)
  A leopard gecko (D:2)
  3 bats
  2 giant cockroaches
  7 goblins
  6 hobgoblins
  A quokka (D:4)
  4 frilled lizards
  4 kobolds
  4 rats (D:1)
39 creatures vanquished.

Grand Total: 41 creatures vanquished

Notes
Turn   | Place    | Note
-------+----------+-------------------------------------------
     0 | D:1      | stormannn the Vampire Summoner began the quest for the Orb.
     0 | D:1      | Reached XP level 1. HP: 13/13 MP: 3/3
   451 | D:1      | Reached XP level 2. HP: 19/19 MP: 0/5
   541 | D:1      | Found an ancient bone altar of Kikubaaqudgha.
   962 | D:2      | Reached XP level 3. HP: 24/24 MP: 6/6
  1268 | D:2      | Found a shadowy altar of Dithmenos.
  1440 | D:3      | Noticed MudFish's ghost (amateur DrAs)
  1484 | D:3      | Noticed Sigmund
  1599 | D:5      | Entered Level 5 of the Dungeon
  1599 | D:5      | Noticed an ogre
  1601 | D:5      | Noticed a centaur
  1604 | D:5      | Found an ancient bone altar of Kikubaaqudgha.
  1610 | D:5      | Found a staircase to the Ecumenical Temple.
  1610 | D:5      | HP: 1/24 [centaur/arrow (10)]
  1611 | D:5      | Shot with an arrow by a centaur

Skill      XL: |  1  2  3 |
---------------+----------+-----
Stealth        | 4 |  4.1
Dodging        | |  2.1
Spellcasting   | |  2.9
Summonings     | |  4.6

Action                   || total
-------------------------++-------
Melee: Unarmed           ||     7
       Bite              ||     3
       Whip              ||     7
       Dagger            ||    11
 Cast: Summon Small Mamm ||    68
  Use: Potion            ||     8
       Scroll            ||     5
Armor: Robe              ||    27
Dodge: Dodged            ||    89
